 Dungeon Crawl Stone Soup version 0.20.1-1-g8b1a95d (webtiles) character file.

95489 Monsterracer the Brawler (level 15, -3/117 HPs)
             Began as a Black Draconian Transmuter on July 14, 2017.
             Was the Champion of Hepliaklqana.
             Killed by divine providence
             ... invoked by a meliai
              (14 damage)
             ... on level 15 of the Dungeon.
             The game lasted 01:38:58 (29672 turns).

Monsterracer the Brawler (DrTm)                    Turns: 29672, Time: 01:38:58

Health: -3/117     AC: 16    Str: 14    XL:     15   Next: 66%
Magic:  23/27      EV: 18    Int: 23    God:    Hepliaklqana [******]
Gold:   1109       SH:  0    Dex: 14    Spells: 0/30 levels left

rFire    . . .     SeeInvis .     - Unarmed
rCold    . . .     Gourm    .   (shield currently unavailable)
rNeg     . . .     Faith    .   (armour unavailable)
rPois    .         Spirit   .   n - +2 hat
rElec    +         Reflect  .   r - +1 cloak
rCorr    .         Harm     .   (gloves currently unavailable)
MR       ++...                  s - +1 pair of boots
Stlth    +.........             j - amulet of regeneration
Regen    0.7/turn               l - +3 ring of intelligence
MPRegen  0.2/turn               L - ring of protection from magic

@: blade hands, flying
A: breathe lightning, unfitting armour, reduced essence, big wings, agile 1,
clever 1, deterioration 1, shaggy fur 1, electricity resistance, cold-blooded,
AC +9
a: Breathe Lightning, Stop Flying, End Transformation, Recall Ancestor, Ancestor
Identity, Transference, Idealise, Renounce Religion


You were on level 15 of the Dungeon.
You worshipped Hepliaklqana.
Hepliaklqana was exalted by your worship.
You were not hungry.
You had blades for hands.
You visited 4 branches of the dungeon, and saw 24 of its levels.

You collected 2045 gold pieces.
You spent 936 gold pieces at shops.

Inventory:

Missiles
 G - 713 arrows
Armour
 e - a scarf of cloud immunity
 n - a +2 hat (worn)
 r - a +1 cloak (worn)
 s - a +1 pair of boots (worn)
Magical Staves
 b - an uncursed staff of air {!a}
Jewellery
 j - an amulet of regeneration (around neck)
 l - a +3 ring of intelligence (left scythe-like blade)
 t - an uncursed ring of protection from fire
 v - the ring "Fet But" {rPois rC+}
   (You found it on level 6 of the Dungeon)

   [ring of poison resistance]

   It protects you from cold.
   It protects you from poison.
 L - a ring of protection from magic (right scythe-like blade)
Wands
 m - a wand of clouds (5/9)
 u - a wand of iceblast (9/15)
 y - a wand of acid (4/15)
 z - a wand of acid (9/15)
Scrolls
 a - 2 scrolls of fog
 g - 16 scrolls of identify
 i - 8 scrolls of remove curse
 k - a scroll of silence
 E - 4 scrolls of recharging
 F - 2 scrolls of amnesia
 H - 3 scrolls of teleportation
 K - 4 scrolls of magic mapping
 N - a scroll of fear
Potions
 d - 4 potions of might
 p - 3 potions of agility
 q - 6 potions of haste
 x - a potion of brilliance
 B - a potion of resistance
 C - 3 potions of curing
 D - 3 potions of ambrosia
 I - 2 potions of heal wounds
 J - a potion of mutation
Books
 f - a book of Party Tricks

   Spells                             Type                      Level
   a - Summon Butterflies             Summoning                    1
   b - Apportation                    Translocation                1
   c - Lesser Beckoning               Translocation                3
   d - Tukima's Dance                 Hexes                        3
   e - Alistair's Intoxication        Transmutation/Poison         5
   f - Invisibility                   Hexes                        6
 A - a book of Transfigurations

   Spells                             Type                      Level
   a - Irradiate                      Conjuration/Transmutation    5
   b - Statue Form                    Transmutation/Earth          6
   c - Hydra Form                     Transmutation                6
   d - Dragon Form                    Transmutation                7
 M - a book of Minor Magic

   Spells                             Type                      Level
   a - Magic Dart                     Conjuration                  1
   b - Blink                          Translocation                2
   c - Call Imp                       Summoning                    2
   d - Slow                           Hexes                        2
   e - Conjure Flame                  Conjuration/Fire             3
   f - Mephitic Cloud                 Conjuration/Poison/Air       3
Comestibles
 c - 9 bread rations
 h - 16 meat rations
 o - 12 fruits
 w - 17 royal jellies
 O - a chunk of flesh


   Skills:
 + Level 11.5 Fighting
 + Level 10.2 Dodging
 * Level 16.4 Unarmed Combat
 + Level 8.2 Spellcasting
 * Level 13.6 Transmutations
 - Level 7.2 Invocations


You couldn't memorise any spells.
You knew the following spells:

 Your Spells              Type           Power        Failure   Level  Hunger
a - Beastly Appendage     Tmut           ######       4%          1    None
b - Sticks to Snakes      Tmut           ######..     5%          2    None
c - Hydra Form            Tmut           ######....   28%         6    ######.
d - Blade Hands           Tmut           ######....   13%         5    #####..
e - Confusing Touch       Hex            #.....       38%         1    None
f - Ice Form              Ice/Tmut       #####...     30%         4    ###....
g - Dragon Form           Tmut           ######....   63%         7    #######
h - Swiftness             Chrm/Air       #.......     47%         2    None
i - Apportation           Tloc           #.....       38%         1    None
j - Summon Butterflies    Summ           #.......     38%         1    None


Dungeon Overview and Level Annotations

Branches:
Dungeon (15/15)            Temple (1/1) D:5            Lair (6/6) D:11
  Swamp (0/4) Lair:4       Spider (0/4) Lair:4        Slime (0/5) Lair:5
    Orc (2/2) D:9             Elf (0/3) Orc:2        Vaults (0/5) D:13
 Depths: D:15

Altars:
Ashenzari
Cheibriados
Dithmenos
Elyvilon
Fedhas
Gozag
Hepliaklqana
Kikubaaqudgha
Makhleb
Nemelex Xobeh
Okawaru
Qazlal
Ru
Sif Muna
Trog
Uskayaw
Vehumet
Xom
Yredelemnul
Zin
The Shining One
Beogh
Jiyva

Shops:
D:6 =   D:7 =   D:10 !   Orc:2 =*![

Annotations:
D:14 exclusion: orange crystal statue
Lair:4 exclusion: 4 oklob plants
Lair:5 1 runed door


Innate Abilities, Weirdness & Mutations

You can breathe wild blasts of lightning.
Your glossy black scales are hard. (AC +9)
You cannot fit into any form of body armour.
Your large and strong wings let you fly indefinitely.
You are resistant to electric shocks. (rElec)
You are cold-blooded and may be slowed by cold attacks.
Your life essence is reduced to manifest your ancestor. (-10% HP)
You are agile. (Dex +2)
Your mind is acute. (Int +2)
Your body sometimes deteriorates upon taking damage.
You are covered in fur. (AC +1)


Message History

Something smites you!
* * * LOW HITPOINT WARNING * * *
The meliai calls upon its god to heal the meliai.
The meliai's wounds heal themselves!
Huge Dmg: -22%(-26hp) hp: 28%(32hp)
You barely miss the meliai.
Your tail-slap misses the meliai.
The meliai closely misses you. The meliai barely misses you.
The meliai misses you. The meliai closely misses you.
You slash the meliai!
The meliai is moderately wounded.
The meliai calls down the wrath of its god upon you.
Something smites you!
* * * LOW HITPOINT WARNING * * *
The meliai misses you. x2; The meliai hits you with a war axe!
* * * LOW HITPOINT WARNING * * *
The meliai closely misses you.
Huge Dmg: -20%(-23hp) hp: 9%(10hp)
The meliai calls down the wrath of its god upon you.
Something smites you!
You die...

#...# .... #... ..#
#.#... #.# .# #.#..#
##.###.###.#..#
...........yy#
#.##..###.##.#####
######.##.......@R....#
......[.#..###.##.#####
......)...............#
......)#...###.##.#.#.#
.####..#...# #.##.#.# .#
#..#...# #.##.# #
#####..#..####.##.#
#...#..#....##.##.#
.......#..#.##.##.#.#.##


You could see the friendly Xochitl the hexer and a meliai.

Vanquished Creatures
  A sphinx (D:13)
  Gastronok (D:11)
  Kirke (Lair:5)
  A frost giant (D:13)
  A stone giant (D:13)
  Nessos (Lair:4)
  Snorg (Lair:5)
  2 vault guards (D:13)
  Erolcha (D:11)
  4 hydras
  An ogre mage (D:13)
  A centaur warrior (D:13)
  13 two-headed ogres
  Urug (D:10)
  4 skeletal warriors (D:13)
  An unseen horror (D:12)
  The ghost of YrmMerkstave the Bludgeoner, a novice MiFi of the Shining One (D:8)
  An orange crystal statue (Lair:1)
  Pikel (D:5)
  6 orc knights (Orc:2)
  3 ugly things (D:14)
  The ghost of polve the Carver, a novice DsAK of Lugonu (D:5)
  A wolf spider (Lair:6)
  A manticore (D:13)
  2 cyclopes
  Joseph (D:8)
  4 elephants (Lair:5)
  3 centaur zombies
  A guardian serpent (Lair:6)
  Psyche (D:9)
  6 black mambas
  15 spiny frogs
  A kobold demonologist (D:11)
  4 komodo dragons
  A rime drake (Lair:4)
  4 yaktaurs (D:15)
  4 trolls (D:11)
  A meliai (D:15)
  4 hornets
  11 polar bears (Lair:6)
  14 blink frogs
  10 hippogriffs
  4 raiju (Lair:6)
  8 slime creatures (D:12)
  A dream sheep (Lair:6)
  2 shadows
  Eustachio (D:5)
  A vampire (D:10)
  2 wraiths (D:10)
  2 redbacks (Lair:6)
  26 yaks
  4 hogs
  16 wyverns
  2 basilisks
  A vampire mosquito (D:13)
  6 hungry ghosts
  3 steam dragons
  13 wargs
  A soldier ant (shapeshifter) (D:13)
  9 water moccasins
  12 hell hounds
  Duvessa (D:5)
  8 porcupines
  31 orc warriors
  10 black bears
  7 sky beasts
  A slave (D:5)
  A hornet zombie (D:10)
  4 phantoms
  2 necrophages
  An eye of draining (D:12)
  6 ice beasts
  11 ogres
  28 wolves
  28 centaurs
  10 crocodiles
  3 big kobolds (D:10)
  A wyvern zombie (D:14)
  9 bullfrogs
  A gnoll sergeant (D:7)
  A water moccasin zombie (D:6)
  A wyvern skeleton (D:13)
  Dowan (D:5)
  4 scorpions
  15 killer bees
  A howler monkey (D:8)
  5 wights (D:8)
  8 electric eels
  3 crimson imps
  A lava snake (Lair:5)
  11 hounds
  7 centaur skeletons
  5 bullfrog skeletons
  4 gnoll shamans (D:10)
  12 orc priests
  3 jellies
  20 orc wizards
  Ijyb (D:5)
  Jessica (D:14)
  An ancestor (D:7)
  4 iguanas
  8 worker ants
  A hound zombie (D:8)
  A howler monkey zombie (D:6)
  Robin (D:4)
  16 gnolls
  6 adders
  3 shadow imps
  3 adder skeletons
  5 worms
  3 dart slugs
  5 leopard geckos
  69 orcs
  11 bats
  9 giant cockroaches
  15 goblins
  7 hobgoblins
  17 jackals
  8 quokkas
  3 ball pythons
  3 frilled lizards
  19 kobolds
  A leopard gecko zombie (D:6)
  7 rats
  3 plants
747 creatures vanquished.

Vanquished Creatures (collateral kills)
  2 vault guards (D:13)
  An ogre mage (D:15)
  An ugly thing (D:11)
  An elephant (Lair:5)
  2 spiny frogs
  A komodo dragon (Lair:4)
  A queen bee (D:8)
  2 trolls
  A slime creature (D:12)
  4 blink frogs
  2 yaks
  A wyvern (Lair:6)
  A vampire mosquito (D:13)
  3 water moccasins
  A hell hound (Lair:6)
  A meliai simulacrum (D:15)
  3 orc warriors (Orc:2)
  2 black bears (Lair:6)
  A phantom (D:4)
  A sky beast (D:9)
  A necrophage (D:10)
  An ogre (D:8)
  3 centaurs
  6 crocodiles
  3 wolves
  A bullfrog (Lair:1)
  2 scorpions
  A killer bee (D:8)
  A howler monkey (D:12)
  An electric eel (D:11)
  A bullfrog zombie (D:13)
  A crimson imp (D:7)
  An orc priest (D:4)
  A hound (D:11)
  A centaur skeleton (D:8)
  2 orc wizards
  A worker ant (D:6)
  An adder (D:9)
  9 orcs
  A giant cockroach (D:6)
  A plant (D:6)
72 creatures vanquished.

Vanquished Creatures (others)
  Sigmund (D:5)
  2 humans (Lair:5)
  2 slaves (D:5)
  A crocodile (Lair:5)
  2 killer bees (D:8)
  A hound (D:11)
  9 hexers
  An orc wizard (D:10)
  An ancestor (D:7)
  6 fungi
  17 plants
43 creatures vanquished.

Grand Total: 862 creatures vanquished

Notes
Turn   | Place    | Note
-------+----------+-------------------------------------------
     0 | D:1      | Monsterracer the Draconian Transmuter began the quest for the Orb.
     0 | D:1      | Reached XP level 1. HP: 16/16 MP: 3/3
   127 | D:1      | Reached XP level 2. HP: 20/23 MP: 5/5
   132 | D:1      | Learned a level 2 spell: Sticks to Snakes
   883 | D:1      | Reached XP level 3. HP: 28/28 MP: 6/6
   888 | D:1      | Learned a level 3 spell: Spider Form
  1044 | D:1      | Reached skill level 4 in Unarmed Combat
  1426 | D:2      | Found a faded altar of an unknown god.
  1954 | D:3      | Reached XP level 4. HP: 32/35 MP: 5/7
  2215 | D:3      | Noticed a centaur
  2225 | D:3      | Killed a centaur
  2225 | D:3      | Reached skill level 5 in Unarmed Combat
  2225 | D:3      | Reached XP level 5. HP: 26/40 MP: 1/8
  3077 | D:4      | Learned a level 1 spell: Beastly Appendage
  3097 | D:4      | Noticed Robin
  3114 | D:4      | Killed Robin
  3120 | D:4      | Noticed an ogre
  3258 | D:4      | Killed an ogre
  3258 | D:4      | Reached skill level 6 in Unarmed Combat
  3258 | D:4      | Reached XP level 6. HP: 46/47 MP: 2/9
  3923 | D:4      | Found a glowing golden altar of the Shining One.
  4086 | D:4      | Reached skill level 7 in Unarmed Combat
  4086 | D:4      | Your scales start taking on a glossy black colour.
  4086 | D:4      | Reached XP level 7. HP: 38/52 MP: 6/10
  4086 | D:4      | Gained mutation: You are resistant to electric shocks. (rElec) [Black Draconian growth]
  4370 | D:5      | Entered Level 5 of the Dungeon
  4457 | D:5      | Noticed Dowan
  4461 | D:5      | Noticed polve's ghost (novice DsAK)
  4742 | D:5      | Killed Dowan
  4938 | D:5      | Noticed Duvessa
  4952 | D:5      | Killed Duvessa
  4952 | D:5      | Reached skill level 8 in Unarmed Combat
  4952 | D:5      | Reached skill level 5 in Transmutations
  5111 | D:5      | Noticed Ijyb
  5114 | D:5      | Noticed Pikel
  5115 | D:5      | Noticed Sigmund
  5125 | D:5      | Killed Ijyb
  5145 | D:5      | Killed Pikel
  5145 | D:5      | Reached skill level 9 in Unarmed Combat
  5145 | D:5      | Reached XP level 8. HP: 25/59 MP: 11/11
  5164 | D:4      | Learned a level 5 spell: Blade Hands
  5337 | D:5      | Found a staircase to the Ecumenical Temple.
  5340 | D:5      | Killed Sigmund
  5343 | Temple   | Entered the Ecumenical Temple
  5544 | Temple   | Became a worshipper of Hepliaklqana the Forgotten
  5613 | D:5      | Killed polve's ghost
  5744 | D:5      | Noticed Eustachio
  5756 | D:5      | Killed Eustachio
  6016 | D:5      | Reached XP level 9. HP: 51/61 MP: 10/13
  6108 | D:5      | Found a burning altar of Makhleb.
  6111 | D:5      | Learned a level 1 spell: Confusing Touch
  6125 | D:5      | Found a bloodstained altar of Trog.
  6125 | D:5      | Found a white marble altar of Elyvilon.
  6126 | D:5      | Found a blossoming altar of Fedhas.
  6482 | D:6      | Found a radiant altar of Vehumet.
  6668 | D:6      | Noticed a troll
  6685 | D:6      | Killed a troll
  6945 | D:6      | Got a wavering glass ring
  6946 | D:6      | Identified the ring "Fet But" {rPois rC+} (You found it on level 6 of the Dungeon)
  7087 | D:6      | Reached * piety under Hepliaklqana
  7105 | D:6      | Found Orockak's Jewellery Emporium.
  7413 | D:6      | Reached skill level 10 in Unarmed Combat
  8230 | D:7      | Found Awoll's Jewellery Boutique.
  8671 | D:7      | Reached XP level 10. HP: 30/72 MP: 7/16
  8677 | D:7      | Learned a level 4 spell: Ice Form
  9223 | D:7      | Noticed a two-headed ogre
  9230 | D:7      | Killed a two-headed ogre
  9475 | D:8      | Noticed a two-headed ogre
  9484 | D:8      | Killed a two-headed ogre
  9484 | D:8      | Reached skill level 5 in Fighting
  9484 | D:8      | Reached skill level 11 in Unarmed Combat
  9653 | D:8      | Reached ** piety under Hepliaklqana
  9654 | D:8      | Remembered your ancestor Xochitl as a hexer
  9694 | D:8      | Gained mutation: You are somewhat resistant to further mutation. [potion of mutation]
  9694 | D:8      | Gained mutation: You are frail. (-10% HP) [potion of mutation]
  9694 | D:8      | Gained mutation: You have large cloven feet. [potion of mutation]
  9827 | D:8      | Reached skill level 5 in Dodging
  9890 | D:8      | Noticed YrmMerkstave's ghost (novice MiFi)
 10090 | D:8      | Killed YrmMerkstave's ghost
 10430 | D:8      | Noticed a two-headed ogre
 10443 | D:8      | Killed a two-headed ogre
 10446 | D:8      | Reached XP level 11. HP: 32/71 MP: 13/17
 10676 | D:8      | Noticed Joseph
 10691 | D:8      | Killed Joseph
 10691 | D:8      | Reached skill level 12 in Unarmed Combat
 11748 | D:9      | Learned a level 2 spell: Swiftness
 11760 | D:9      | Noticed a two-headed ogre
 11769 | D:9      | Killed a two-headed ogre
 11951 | D:9      | Reached *** piety under Hepliaklqana
 12300 | D:9      | Found a staircase to the Orcish Mines.
 13045 | D:10     | Entered Level 10 of the Dungeon
 13045 | D:10     | Noticed a two-headed ogre
 13159 | D:10     | Killed a two-headed ogre
 13382 | D:10     | Found Ziunociade's Distillery.
 13395 | D:10     | Reached skill level 1 in Invocations
 13400 | D:10     | Bought a potion of might for 60 gold pieces
 13400 | D:10     | Bought a potion of haste for 150 gold pieces
 13566 | D:10     | Noticed Psyche
 13566 | D:10     | Noticed Urug
 13765 | D:9      | Killed Psyche
 13773 | D:9      | Lost mutation: You are frail. (-10% HP) [potion of mutation]
 13773 | D:9      | Lost mutation: You have large cloven feet. [potion of mutation]
 13773 | D:9      | Lost mutation: You are somewhat resistant to further mutation. [potion of mutation]
 13773 | D:9      | Gained mutation: You expend magic power (3 MP) to strengthen your wands. [potion of mutation]
 13773 | D:9      | Gained mutation: Your tail ends in a poisonous barb. [potion of mutation]
 13773 | D:9      | Gained mutation: You are frail. (-10% HP) [potion of mutation]
 13773 | D:9      | Gained mutation: Your large and strong wings let you fly indefinitely. [potion of mutation]
 13869 | D:10     | Killed Urug
 13869 | D:10     | Reached skill level 13 in Unarmed Combat
 14274 | D:10     | Reached **** piety under Hepliaklqana
 14450 | D:11     | Reached skill level 10 in Transmutations
 14467 | D:11     | Reached XP level 12. HP: 42/80 MP: 10/18
 14472 | D:11     | Noticed Gastronok
 14865 | D:11     | Noticed a two-headed ogre
 14870 | D:11     | Killed a two-headed ogre
 14919 | D:11     | Noticed Erolcha
 14928 | D:11     | Killed Erolcha
 15017 | D:11     | Killed Gastronok
 15120 | D:11     | Found a staircase to the Lair.
 15455 | D:11     | Noticed a two-headed ogre
 15467 | D:11     | Killed a two-headed ogre
 15634 | D:11     | Noticed a two-headed ogre
 15641 | D:11     | Killed a two-headed ogre
 15798 | D:11     | Reached skill level 5 in Invocations
 16170 | Lair:1   | Entered Level 1 of the Lair of Beasts
 16311 | Lair:1   | Reached skill level 14 in Unarmed Combat
 16675 | Lair:1   | Reached skill level 5 in Spellcasting
 16797 | Lair:1   | Learned a level 6 spell: Hydra Form
 17417 | Lair:2   | Reached ***** piety under Hepliaklqana
 17479 | Lair:2   | Noticed a six-headed hydra
 17491 | Lair:2   | Killed a six-headed hydra
 17491 | Lair:2   | Reached XP level 13. HP: 88/88 MP: 16/20
 17516 | Lair:2   | Lost mutation: Your large and strong wings let you fly indefinitely. [potion of mutation]
 17516 | Lair:2   | Lost mutation: Your tail ends in a poisonous barb. [potion of mutation]
 17516 | Lair:2   | Gained mutation: Your body sometimes deteriorates upon taking damage. [potion of mutation]
 17516 | Lair:2   | Lost mutation: Your body sometimes deteriorates upon taking damage. [potion of mutation]
 17516 | Lair:2   | Gained mutation: You have a pair of small antennae on your head. [potion of mutation]
 17516 | Lair:2   | Gained mutation: Your flesh is heat resistant. (rF+) [potion of mutation]
 17517 | Lair:2   | Lost mutation: You have a pair of small antennae on your head. [potion of mutation]
 17517 | Lair:2   | Lost mutation: You are frail. (-10% HP) [potion of mutation]
 17517 | Lair:2   | Lost mutation: Your flesh is heat resistant. (rF+) [potion of mutation]
 17517 | Lair:2   | Lost mutation: You expend magic power (3 MP) to strengthen your wands. [potion of mutation]
 17517 | Lair:2   | Gained mutation: Your body sometimes deteriorates upon taking damage. [potion of mutation]
 17517 | Lair:2   | Gained mutation: You are agile. (Dex +2) [potion of mutation]
 17517 | Lair:2   | Gained mutation: You are covered in fur. (AC +1) [potion of mutation]
 17517 | Lair:2   | Gained mutation: Your mind is acute. (Int +2) [potion of mutation]
 19261 | Lair:4   | Found a staircase to the Swamp.
 19371 | Lair:4   | Found a hole to the Spider Nest.
 20254 | Lair:5   | Noticed Kirke
 20268 | Lair:5   | Killed Kirke
 20318 | Lair:5   | Noticed Snorg
 20330 | Lair:5   | Killed Snorg
 20364 | Lair:5   | Found a blossoming altar of Fedhas.
 20518 | Lair:5   | Noticed Nessos
 20566 | Lair:4   | Killed Nessos
 20792 | Lair:5   | Found a runed door.
 20796 | Lair:5   | Found a viscous altar of Jiyva.
 20796 | Lair:5   | Noticed an acid blob
 20797 | Lair:5   | Found a staircase to the Slime Pits.
 20797 | Lair:5   | Noticed an acid blob
 20812 | Lair:5   | Reached ****** piety under Hepliaklqana
 20972 | Lair:5   | Reached skill level 10 in Fighting
 21131 | Lair:5   | Found a blossoming altar of Fedhas.
 21265 | Lair:6   | Entered Level 6 of the Lair of Beasts
 21378 | Lair:6   | Reached skill level 15 in Unarmed Combat
 21409 | Lair:6   | Gained mutation: Your large and strong wings let you fly indefinitely. [Black Draconian growth]
 21409 | Lair:6   | Reached XP level 14. HP: 91/108 MP: 17/23
 22435 | Lair:6   | Identified Qureicya's Compendium of the Birds
 24083 | Orc:1    | Entered Level 1 of the Orcish Mines
 24321 | Orc:2    | Entered Level 2 of the Orcish Mines
 24511 | Orc:2    | Found a staircase to the Elven Halls.
 24922 | Orc:2    | Found a roughly hewn altar of Beogh.
 25321 | Orc:2    | Found Usid Fia's Antique Armour Emporium.
 25321 | Orc:2    | Found Huesar Fymeu's Distillery.
 25352 | Orc:2    | Bought a potion of brilliance for 60 gold pieces
 25676 | Orc:2    | Found Resiffai's Jewellery Boutique.
 25676 | Orc:2    | Found Icsirch's Assorted Antiques.
 25690 | Orc:2    | Bought a scroll labeled EHOAXU LEIDITE for 41 gold pieces
 25711 | Orc:2    | Bought an uncursed ring of protection from magic for 250 gold pieces
 25743 | Orc:2    | Bought a potion of haste for 150 gold pieces
 25743 | Orc:2    | Bought a potion of haste for 150 gold pieces
 25743 | Orc:2    | Bought a potion of heal wounds for 75 gold pieces
 26654 | D:12     | Reached XP level 15. HP: 115/115 MP: 20/26
 26963 | D:13     | Found a gate to the Vaults.
 26976 | D:13     | Reached skill level 16 in Unarmed Combat
 27129 | D:13     | Learned a level 7 spell: Dragon Form
 27134 | D:13     | Learned a level 1 spell: Apportation
 27436 | D:13     | Noticed a frost giant
 27446 | D:13     | Killed a frost giant
 27451 | D:13     | Noticed a sphinx
 27456 | D:13     | Reached skill level 10 in Dodging
 27461 | D:13     | Killed a sphinx
 28000 | D:13     | Learned a level 1 spell: Summon Butterflies
 28375 | D:14     | You are sucked into a shaft!
 28375 | D:15     | Entered Level 15 of the Dungeon
 28686 | D:14     | Noticed Jessica
 28707 | D:14     | Killed Jessica
 28710 | D:14     | Found a deep blue altar of Sif Muna.
 29672 | D:15     | Killed from afar by a meliai

Skill      XL: |  1  2  3  4  5  6  7  8  9 10 11 12 13 14 15 |
---------------+----------------------------------------------+-----
Unarmed Combat | 4 5 6 7 9 10 11 13 14 15 16 | 16.4
Transmutations | 3 4 6 7 8 10 11 12 13 | 13.6
Fighting       | 2 4 6 7 9 10 11 | 11.5
Dodging        | 2 4 5 6 8 9 10 | 10.2
Spellcasting   | 4 5 6 7 8 |  8.2
Invocations    | 2 5 6 7 |  7.2

Action                   |  1- 3 |  4- 6 |  7- 9 | 10-12 | 13-15 || total
-------------------------+-------+-------+-------+-------+-------++-------
Melee: Unarmed           |   139 |   158 |   320 |   685 |  1111 ||  2413
       Tailslap          |    12 |     6 |    20 |    55 |   126 ||   219
       Punch             |     1 |     1 |    10 |    28 |    55 ||    95
       Headbutt          |     1 |     2 |     6 |       |       ||     9
       Kick              |     1 |       |     1 |    28 |       ||    30
       Staff             |       |       |       |       |    14 ||    14
 Cast: Beastly Appendage |     3 |     4 |     5 |     3 |       ||    15
       Spider Form       |     1 |     8 |    15 |    11 |       ||    35
       Sticks to Snakes  |       |     3 |     5 |       |     4 ||    12
       Blade Hands       |       |       |     2 |    36 |    78 ||   116
       Ice Form          |       |       |       |     2 |     4 ||     6
       Hydra Form        |       |       |       |       |     5 ||     5
       Apportation       |       |       |       |       |     9 ||     9
       Swiftness         |       |       |       |       |     1 ||     1
       Dragon Form       |       |       |       |       |     1 ||     1
       Summon Butterflie |       |       |       |       |     1 ||     1
Invok: Recall Ancestor   |       |       |     2 |     1 |     1 ||     4
       Ancestor Life: He |       |       |       |     1 |       ||     1
       Transference      |       |       |       |     2 |     1 ||     3
 Abil: Breathe Lightning |       |       |     3 |     2 |       ||     5
       Fly               |       |       |       |     2 |     1 ||     3
       Stop Flying       |       |       |       |     1 |       ||     1
       End Transformatio |       |       |       |       |     3 ||     3
Evoke: Wand              |       |     2 |       |     1 |       ||     3
  Use: Scroll            |       |     8 |     3 |     8 |     5 ||    24
       Potion            |       |       |     1 |    11 |     5 ||    17
 Stab: Sleeping          |       |     2 |       |     2 |     2 ||     6
       Invisible         |       |       |       |     3 |     2 ||     5
       Distracted        |       |       |       |     9 |    11 ||    20
       Confused          |       |       |       |     2 |     4 ||     6
       Paralysed         |       |       |       |       |     2 ||     2
  Eat: Chunk             |     4 |     7 |    17 |    41 |    50 ||   119
       Fruit             |       |       |     2 |     2 |       ||     4
Armor: Skin              |    43 |    45 |    49 |   114 |   276 ||   527
Dodge: Dodged            |   123 |   128 |   164 |   448 |   794 ||  1657
